APL (24 & UNDER)
NANTUCKET ORCAS @ DETROIT DIRTY SNOW
04/08/2027
 
TOP OF THE 1ST
Nantucket Orcas batting - Pitching for Detroit Dirty Snow : RHP John Kelly
Pitching: RHP John Kelly
Batting: RHB Jorge Hernández 0-0: Ball
1-0: Foul Ball, location: 2F
1-1: Ball
2-1: Ground out 6-3 (Groundball, 6)
Batting: RHB Ramón Díaz 0-0: Foul Ball, location: 2F
0-1: Ground out 6-3 (Groundball, 6)
Batting: SHB Cory Campbell 0-0: Called Strike
0-1: Ball
1-1: Foul Ball, location: 2F
1-2: Fly out, F7 (Flyball, 7S)
Top of the 1st over - 0 run(s), 0 hit(s), 0 error(s), 0 left on base; Nantucket 0 - Detroit 0
BOTTOM OF THE 1ST
Detroit Dirty Snow batting - Pitching for Nantucket Orcas : RHP Pedro Santiago
Pitching: RHP Pedro Santiago
Batting: RHB Phil Wright 0-0: Called Strike
0-1: Ball
1-1: Swinging Strike
1-2: Fly out, F9 (Flyball, 9LS)
Batting: RHB Cristo Souza 0-0: Called Strike
0-1: Ball
1-1: Ball
2-1: Fly out, F5 (Popup, 5S)
Batting: LHB Eric Powell 0-0: Foul Ball, location: 2F
0-1: Ball
1-1: Foul Ball, location: 2F
1-2: Foul Ball, location: 2F
1-2: Ball
2-2: Foul Ball, location: 2F
2-2: Foul Ball, location: 2F
2-2: Ball
3-2: Fly out, F7 (Flyball, 7LM)
Bottom of the 1st over - 0 run(s), 0 hit(s), 0 error(s), 0 left on base; Nantucket 0 - Detroit 0
TOP OF THE 2ND
Nantucket Orcas batting - Pitching for Detroit Dirty Snow : RHP John Kelly
Batting: SHB Héctor Padilla 0-0: Ball
1-0: Ball
2-0: Called Strike
2-1: Ground out 4-3 (Groundball, 4)
Batting: LHB Noah Gillespie 0-0: Ball
1-0: Called Strike
1-1: Called Strike
1-2: Ball
2-2: Fly out, F9 (Line Drive, 9LM)
Batting: RHB César Osequedo 0-0: Swinging Strike
0-1: Ground out 6-3 (Groundball, 56)
Top of the 2nd over - 0 run(s), 0 hit(s), 0 error(s), 0 left on base; Nantucket 0 - Detroit 0
BOTTOM OF THE 2ND
Detroit Dirty Snow batting - Pitching for Nantucket Orcas : RHP Pedro Santiago
Batting: RHB Arturo Jiménez 0-0: Fly out, F7 (Flyball, 7S)
Batting: RHB Carlos Rocha 0-0: Ball
1-0: Ground out 6-3 (Groundball, 56)
Batting: RHB Charlie O'Farrell 0-0: Ball
1-0: Swinging Strike
1-1: Foul Ball, location: 2F
1-2: Ground out 6-3 (Groundball, 6)
Bottom of the 2nd over - 0 run(s), 0 hit(s), 0 error(s), 0 left on base; Nantucket 0 - Detroit 0
TOP OF THE 3RD
Nantucket Orcas batting - Pitching for Detroit Dirty Snow : RHP John Kelly
Batting: RHB Anastasio Zartuche 0-0: Ball
1-0: Ball
2-0: DOUBLE (Line Drive, 7LM)
Batting: RHB Domingo Hernández 0-0: Ground out 6-3 (Groundball, 6)
Anastasio Zartuche to third
Batting: LHB Carter Sweet 0-0: Hit by Pitch
Batting: RHB Jorge Hernández 0-0: Called Strike
0-1: Foul Ball, location: 2F
0-2: SINGLE (Groundball, 6MD)
Anastasio Zartuche scores
Carter Sweet to second
Batting: RHB Ramón Díaz 0-0: Called Strike
0-1: Called Strike
0-2: Foul Ball, location: 2F
0-2: Foul Ball, location: 2F
0-2: SINGLE (Groundball, 56S) (infield hit)
Carter Sweet to third
Jorge Hernández to second
Batting: SHB Cory Campbell 0-0: Foul Ball, location: 2F
0-1: Ball
1-1: Ball
2-1: Called Strike
2-2: Ball
3-2: GRAND SLAM HOME RUN (Flyball, 8LXD), Distance : 437 ft
Batting: SHB Héctor Padilla 0-0: Swinging Strike
0-1: Ball
1-1: Ball
2-1: Foul Ball, location: 2F
2-2: Strikes out swinging, 2-3 out at first.
Batting: LHB Noah Gillespie 0-0: Ball
1-0: Ground out U3 (Groundball, 34)
Top of the 3rd over - 5 run(s), 4 hit(s), 0 error(s), 0 left on base; Nantucket 5 - Detroit 0
BOTTOM OF THE 3RD
Detroit Dirty Snow batting - Pitching for Nantucket Orcas : RHP Pedro Santiago
Batting: SHB Alan Garland 0-0: Ground out 4-3 (Groundball, 4)
Batting: SHB Cristián López 0-0: Called Strike
0-1: Foul Ball, location: 2F
0-2: Ball
1-2: Ball
2-2: Foul Ball, location: 2F
2-2: Ball
3-2: Ground out U3 (Groundball, 3)
Batting: RHB Carlos Salas 0-0: Foul Ball, location: 2F
0-1: Foul Ball, location: 2F
0-2: Strikes out looking
Bottom of the 3rd over - 0 run(s), 0 hit(s), 0 error(s), 0 left on base; Nantucket 5 - Detroit 0
TOP OF THE 4TH
Nantucket Orcas batting - Pitching for Detroit Dirty Snow : RHP John Kelly
Batting: RHB César Osequedo 0-0: Fly out, F9 (Flyball, 9S)
Batting: RHB Anastasio Zartuche 0-0: Ball
1-0: Swinging Strike
1-1: Ball
2-1: SINGLE (Groundball, 34D)
Batting: RHB Domingo Hernández 0-0: Called Strike
0-1: Swinging Strike
0-2: Foul Ball, location: 2F
0-2: Ball
Wild Pitch!
Anastasio Zartuche to second
1-2: Ground out 6-3 (Groundball, 6D)
Anastasio Zartuche to third
Batting: LHB Carter Sweet 0-0: DOUBLE (Line Drive, 89D)
Anastasio Zartuche scores
Batting: RHB Jorge Hernández 0-0: Ball
1-0: DOUBLE (Line Drive, 9)
Carter Sweet scores
Pitching: RHP César Villanueva
Batting: RHB Ramón Díaz 0-0: Ball
1-0: Ball
2-0: Called Strike
2-1: Ball
3-1: Base on Balls
Batting: SHB Cory Campbell 0-0: Foul Ball, location: 2F
0-1: Foul Ball, location: 2F
0-2: Ball
1-2: Foul Ball, location: 2F
1-2: Ball
2-2: SINGLE (Line Drive, 7LM)
Jorge Hernández to third
Ramón Díaz to second
Runner from 3rd tries for Home, SAFE, no throw
Batting: SHB Héctor Padilla 0-0: Foul Ball, location: 2F
0-1: Ball
1-1: Swinging Strike
1-2: Ball
2-2: Foul Ball, location: 2F
2-2: Foul Ball, location: 2F
2-2: Ball
3-2: 3-RUN HOME RUN (Flyball, 9D) (Inside the Park)
Pitching: RHP Paul McFadden
Batting: LHB Noah Gillespie 0-0: Ball
1-0: SOLO HOME RUN (Flyball, 9D), Distance : 373 ft
Batting: RHB César Osequedo 0-0: Reached via error on a dropped throw, E3
Batting: RHB Anastasio Zartuche 0-0: Ball
1-0: Ball
2-0: Fielders Choice at 2nd, 5-4 (Groundball, 5)
Top of the 4th over - 7 run(s), 6 hit(s), 1 error(s), 0 left on base; Nantucket 12 - Detroit 0
BOTTOM OF THE 4TH
Detroit Dirty Snow batting - Pitching for Nantucket Orcas : RHP Pedro Santiago
Batting: RHB Phil Wright 0-0: Fly out, F8 (Line Drive, 8RD)
Batting: RHB Cristo Souza 0-0: Called Strike
0-1: Ball
1-1: Ground out 1-3 (Groundball, P)
Batting: LHB Eric Powell 0-0: Swinging Strike
0-1: Foul Ball, location: 2F
0-2: Ball
1-2: Ball
2-2: Ball
3-2: Ground out 4-3 (Groundball, 4MD)
Bottom of the 4th over - 0 run(s), 0 hit(s), 0 error(s), 0 left on base; Nantucket 12 - Detroit 0
TOP OF THE 5TH
Nantucket Orcas batting - Pitching for Detroit Dirty Snow : RHP Paul McFadden
Batting: RHB Domingo Hernández 0-0: Called Strike
0-1: Ball
1-1: Ground out 6-3 (Groundball, 6)
Batting: LHB Carter Sweet 0-0: Called Strike
0-1: DOUBLE (Line Drive, 9LD) - OUT at third base trying to stretch hit.
Batting: RHB Jorge Hernández 0-0: Ball
1-0: Ball
2-0: Ball
3-0: Called Strike
3-1: Called Strike
3-2: Foul Ball, location: 2F
3-2: SINGLE (Line Drive, 56D)
Batting: RHB Ramón Díaz 0-0: Ball
1-0: Ball
2-0: Called Strike
2-1: Fly out, F8 (Flyball, 8LM)
Top of the 5th over - 0 run(s), 2 hit(s), 0 error(s), 1 left on base; Nantucket 12 - Detroit 0
BOTTOM OF THE 5TH
Detroit Dirty Snow batting - Pitching for Nantucket Orcas : RHP Pedro Santiago
Batting: RHB Arturo Jiménez 0-0: Ball
1-0: Called Strike
1-1: Ground out 6-3 (Groundball, 6)
Batting: RHB Carlos Rocha 0-0: Ball
1-0: Ball
2-0: Ground out 5-3 (Groundball, 56)
Batting: RHB Charlie O'Farrell 0-0: Ball
1-0: Ball
2-0: Ball
3-0: Called Strike
3-1: Called Strike
3-2: Base on Balls
Batting: SHB Alan Garland 0-0: Fly out, F4 (Popup, 34D)
Bottom of the 5th over - 0 run(s), 0 hit(s), 0 error(s), 1 left on base; Nantucket 12 - Detroit 0
TOP OF THE 6TH
Nantucket Orcas batting - Pitching for Detroit Dirty Snow : RHP Paul McFadden
Batting: SHB Cory Campbell 0-0: Ball
1-0: DOUBLE (Flyball, 89XD)
Batting: SHB Héctor Padilla 0-0: Called Strike
Cory Campbell is caught stealing 3rd base
0-1: Ball
1-1: Swinging Strike
1-2: Ball
2-2: Ball
3-2: Foul Ball, location: 2F
3-2: Foul Ball, location: 2F
3-2: Foul Ball, location: 2F
3-2: Fly out, F6 (Popup, 6)
Batting: LHB Noah Gillespie 0-0: Ball
1-0: Called Strike
1-1: Foul Ball, location: 2F
1-2: Strikes out swinging
Top of the 6th over - 0 run(s), 1 hit(s), 0 error(s), 0 left on base; Nantucket 12 - Detroit 0
BOTTOM OF THE 6TH
Detroit Dirty Snow batting - Pitching for Nantucket Orcas : RHP Pedro Santiago
Batting: SHB Cristián López 0-0: Ball
1-0: Ground out 6-3 (Groundball, 6)
Batting: RHB Carlos Salas 0-0: Ball
1-0: Called Strike
1-1: Ground out 6-3 (Groundball, 6)
Batting: RHB Phil Wright 0-0: Ball
1-0: Called Strike
1-1: Reached on error, E9 (Flyball, 9S)
Batting: RHB Cristo Souza 0-0: Ball
1-0: Ball
2-0: Called Strike
2-1: Ball
3-1: SINGLE (Flyball, 7S)
Phil Wright to third
Runner from 3rd tries for Home, SAFE, no throw
Batting: LHB Eric Powell 0-0: Swinging Strike
0-1: Ball
1-1: Ball
2-1: Ball
3-1: Fly out, F8 (Line Drive, 8RM)
Bottom of the 6th over - 1 run(s), 1 hit(s), 1 error(s), 1 left on base; Nantucket 12 - Detroit 1
TOP OF THE 7TH
Nantucket Orcas batting - Pitching for Detroit Dirty Snow : RHP Paul McFadden
Batting: RHB César Osequedo 0-0: Ball
1-0: DOUBLE (Groundball, 5L)
Batting: RHB Anastasio Zartuche 0-0: Called Strike
César Osequedo steals 3rd base
0-1: Ball
1-1: SINGLE (Groundball, 25) (infield hit)
César Osequedo scores
Batting: RHB Domingo Hernández 0-0: Ball
1-0: Foul Ball, location: 2F
1-1: Ball
2-1: Ball
3-1: DOUBLE (Flyball, 8RD)
Anastasio Zartuche to third
Runner from 3rd tries for Home, throw and OUT!
Batting: LHB Carter Sweet 0-0: Swinging Strike
0-1: Ball
1-1: Foul Ball, location: 2F
1-2: Reached on error, E4 (Groundball, 4M)
Domingo Hernández to third
Batting: RHB Jorge Hernández 0-0: Ball
Passed Ball!
Domingo Hernández scores
Carter Sweet to second
1-0: Foul Ball, location: 2F
1-1: Ground out 1-3 (Groundball, 13S)
Carter Sweet to third
Pitching: RHP Benjamin Hutchison
Batting: RHB Ramón Díaz 0-0: Ball
1-0: Ball
2-0: Called Strike
2-1: Ball
3-1: Base on Balls
Batting: SHB Cory Campbell 0-0: Ball
1-0: Foul Ball, location: 2F
1-1: Foul Ball, location: 2F
1-2: Strikes out swinging
Top of the 7th over - 2 run(s), 3 hit(s), 1 error(s), 2 left on base; Nantucket 14 - Detroit 1
BOTTOM OF THE 7TH
Detroit Dirty Snow batting - Pitching for Nantucket Orcas : RHP Pedro Santiago
Batting: RHB Arturo Jiménez 0-0: Swinging Strike
0-1: Called Strike
0-2: Ball
1-2: Foul Ball, location: 2F
1-2: Foul Ball, location: 2F
1-2: Ball
2-2: Strikes out looking
Batting: RHB Carlos Rocha 0-0: SINGLE (Groundball, 6MD)
Pitching: LHP Ray Morgan
Batting: RHB Charlie O'Farrell 0-0: Ball
1-0: Ball
2-0: Called Strike
2-1: Ball
3-1: Base on Balls
Carlos Rocha to second
Batting: SHB Alan Garland 0-0: Called Strike
0-1: SINGLE (Line Drive, 6M)
Carlos Rocha to third
Charlie O'Farrell to second
Batting: SHB Cristián López 0-0: Ball
1-0: Ball
2-0: Fly out, F9 (Flyball, 9S)
Batting: RHB Carlos Salas 0-0: Foul Ball, location: 2F
0-1: Ball
1-1: Ball
2-1: Ball
3-1: SINGLE (Line Drive, 78M)
Carlos Rocha scores
Charlie O'Farrell to third
Alan Garland to second
Runner from 3rd tries for Home, SAFE, no throw
Batting: RHB Phil Wright 0-0: Ball
1-0: Called Strike
1-1: Called Strike
1-2: Foul Ball, location: 2F
1-2: DOUBLE (Flyball, 78D)
Alan Garland scores
Carlos Salas to third
Runner from 3rd tries for Home, SAFE, no throw
Pitching: RHP Sean Flynn
Batting: RHB Cristo Souza 0-0: Ball
1-0: Reached on error, E5 (Groundball, 56)
Phil Wright scores
Batting: LHB Eric Powell 0-0: Called Strike
0-1: Ball
1-1: Ground out 6-3 (Groundball, 6)
Bottom of the 7th over - 5 run(s), 4 hit(s), 1 error(s), 1 left on base; Nantucket 14 - Detroit 6
TOP OF THE 8TH
Nantucket Orcas batting - Pitching for Detroit Dirty Snow : RHP Benjamin Hutchison
Batting: SHB Héctor Padilla 0-0: Ball
1-0: Called Strike
1-1: Ground out 5-3 (Groundball, 56S)
Batting: LHB Noah Gillespie 0-0: Called Strike
0-1: Ball
1-1: Ball
2-1: Foul Ball, location: 2F
2-2: Strikes out swinging
Batting: RHB César Osequedo 0-0: Ball
1-0: Ball
2-0: Ball
3-0: Called Strike
3-1: Base on Balls
Batting: RHB Anastasio Zartuche 0-0: Called Strike
Throwing error on steal attempt, E2
César Osequedo to third
0-1: Ball
1-1: Ball
2-1: Fly out, F8 (Flyball, 8RM)
Top of the 8th over - 0 run(s), 0 hit(s), 1 error(s), 1 left on base; Nantucket 14 - Detroit 6
BOTTOM OF THE 8TH
Detroit Dirty Snow batting - Pitching for Nantucket Orcas : RHP Sean Flynn
Batting: RHB Arturo Jiménez 0-0: SINGLE (Line Drive, 4D)
Batting: RHB Carlos Rocha 0-0: Called Strike
0-1: Ball
1-1: Foul Ball, location: 2F
1-2: Foul Ball, location: 2F
1-2: Ball
2-2: Strikes out looking
Batting: RHB Charlie O'Farrell 0-0: Ball
1-0: Called Strike
1-1: Ball
2-1: Foul Ball, location: 2F
2-2: Ball
3-2: Base on Balls
Arturo Jiménez to second
Batting: SHB Alan Garland 0-0: Ball
1-0: Called Strike
1-1: Swinging Strike
1-2: Fielders Choice at 2nd, 3-6 (Groundball, 34)
Arturo Jiménez to third
Batting: SHB Cristián López 0-0: Fielders Choice at 2nd, 6-4 (Groundball, 6)
Bottom of the 8th over - 0 run(s), 1 hit(s), 0 error(s), 1 left on base; Nantucket 14 - Detroit 6
TOP OF THE 9TH
Nantucket Orcas batting - Pitching for Detroit Dirty Snow : RHP Benjamin Hutchison
Batting: RHB Domingo Hernández 0-0: Ball
1-0: Ball
2-0: Ball
3-0: Base on Balls
Batting: LHB Carter Sweet 0-0: Ball
1-0: Ball
2-0: Ball
3-0: Base on Balls
Domingo Hernández to second
Batting: RHB Jorge Hernández 0-0: Ball
1-0: Called Strike
1-1: Fly out, F6 (Line Drive, 6M)
Batting: RHB Ramón Díaz 0-0: Swinging Strike
0-1: Ball
1-1: Swinging Strike
1-2: Ball
2-2: Foul Ball, location: 2F
2-2: Foul Ball, location: 2F
2-2: Ball
3-2: Fly out, F5 (Popup, 5L)
Batting: SHB Cory Campbell 0-0: Foul Ball, location: 2F
0-1: SINGLE (Flyball, 78S)
Domingo Hernández to third
Carter Sweet to second
Runner from 3rd tries for Home, SAFE, no throw
Pinch Hitting: RHB Pepe Franco 0-0: Hit by Pitch
Carter Sweet to third
Cory Campbell to second
Batting: LHB Noah Gillespie 0-0: Called Strike
0-1: Foul Ball, location: 2F
0-2: Ball
1-2: Strikes out swinging
Top of the 9th over - 1 run(s), 1 hit(s), 0 error(s), 3 left on base; Nantucket 15 - Detroit 6
BOTTOM OF THE 9TH
Detroit Dirty Snow batting - Pitching for Nantucket Orcas : RHP Sean Flynn
Now at 3B: Pepe Franco
Batting: RHB Carlos Salas 0-0: Called Strike
0-1: Ball
1-1: SINGLE (Groundball, 56D)
Batting: RHB Phil Wright 0-0: Ball
1-0: Swinging Strike
1-1: Called Strike
1-2: Ball
2-2: Strikes out swinging
Pitching: RHP Kade Coleman
Batting: RHB Cristo Souza 0-0: Called Strike
0-1: Foul Ball, location: 2F
0-2: Ball
1-2: Strikes out looking
Batting: LHB Eric Powell 0-0: Called Strike
0-1: Fly out, F9 (Flyball, 9S)
Bottom of the 9th over - 0 run(s), 1 hit(s), 0 error(s), 1 left on base; Nantucket 15 - Detroit 6
Thursday, March 30th, 2017 - OOTP Baseball 17.12 Build 75